 Dungeon Crawl Stone Soup version 0.20.1-1-g8b1a95d66d (webtiles) character file.

56622 HessuHobo the Carver (level 14, -1/190 HPs)
             Began as a Yellow Draconian Berserker on Nov 18, 2017.
             Was an Elder of Trog.
             Slain by Asterion
             ... wielding a +2 broad axe of flaming
              (3 damage)
             ... on level 4 of the Lair of Beasts.
             The game lasted 00:51:47 (18788 turns).

HessuHobo the Carver (Yellow Draconian Berserker)  Turns: 18788, Time: 00:51:49

Health: -1/190     AC:  9    Str: 26    XL:     14   Next: 42%
Magic:  14/14      EV: 19    Int:  8    God:    Trog [****..]
Gold:   1084       SH: 14    Dex: 12    Spells: 13/13 levels left

rFire    + . .     SeeInvis .   F - +3 long sword
rCold    + . .     Gourm    .   H - +2 shield {rC+ rF+}
rNeg     + . .     Faith    .   (armour unavailable)
rPois    .         Spirit   .   (helmet restricted)
rElec    .         Reflect  .   (no cloak)
rCorr    +         Harm     .   (no gloves)
MR       +++..                  D - +0 pair of boots
Stlth    ..........             b - amulet of regeneration
Regen    1.9/turn               x - ring of positive energy
MPRegen  0.2/turn               w - ring of Shadows {Umbra +Inv Stlth+}

@: berserking (expiring), lethally poisoned (-1 -> -71), regenerating, wreathed
by umbra, very quick
A: spit acid, acid resistance, unfitting armour, horns 1, weak 1, acidic bite,
cold-blooded, AC +8
a: Breathe Acid, Berserk, Trog's Hand, Brothers in Arms, Burn Spellbooks,
Renounce Religion, Evoke Invisibility


You were on level 4 of the Lair of Beasts.
You worshipped Trog.
Trog was greatly pleased with you.
You were full.

You visited 3 branches of the dungeon, and saw 17 of its levels.
You also visited: Sewer.

You collected 1265 gold pieces.
You spent 181 gold pieces at shops.

Inventory:

Hand Weapons
 h - a +5 quick blade
 A - a +1 antimagic glaive
 F - a +3 long sword (weapon)
Armour
 D - a +0 pair of boots (worn)
 H - a +2 shield of resistance (worn)
Jewellery
 b - an amulet of regeneration (around neck)
 j - an uncursed ring of ice
 q - an uncursed amulet of rage
 w - the ring of Shadows (right hand) {Umbra +Inv Stlth+}
   (You took it off a crimson imp on level 8 of the Dungeon)

   [ring of stealth]

   It lets you turn invisible.
   It makes you more stealthy.
 x - a ring of positive energy (left hand)
 K - a +3 ring of protection
Wands
 a - a wand of enslavement (6/24)
 n - a wand of clouds (3/9)
 p - a wand of flame (20/48)
 s - a wand of lightning (9/15)
 t - a wand of iceblast (6/15)
 u - a wand of confusion (22/48)
 y - a wand of paralysis (9/24)
 E - a wand of iceblast (10/15)
 I - a wand of paralysis (4/24)
 N - a wand of iceblast (12/15)
 P - a wand of digging (11/24)
Scrolls
 c - 20 scrolls of identify
 d - 9 scrolls of remove curse
 e - 7 scrolls of amnesia
 f - 8 scrolls of teleportation
 g - 4 scrolls of enchant weapon
 l - 2 scrolls of blinking
 z - 2 scrolls of magic mapping
 J - 3 scrolls of recharging
 M - a scroll of fear
 Q - a scroll of random uselessness {unknown}
 R - a scroll of holy word {unknown}
Potions
 k - 3 potions of ambrosia
 o - a potion of might
 v - 3 potions of lignification
 B - a potion of resistance
 C - a potion of haste
 L - a potion of invisibility
 O - a potion of brilliance
Comestibles
 i - 4 meat rations
 m - 7 bread rations
 r - 22 fruits
 G - 4 royal jellies


   Skills:
 + Level 12.4 Fighting
 + Level 14.5 Long Blades
 * Level 14.1 Dodging
 * Level 9.2 Shields


You had 13 spell levels left.
You didn't know any spells.

Dungeon Overview and Level Annotations

Branches:
Dungeon (10/15)            Temple (0/1) D:6            Lair (6/6) D:9
  Swamp (0/4) Lair:3       Spider (1/4) Lair:4        Slime (0/5) Lair:5
    Orc: D:9-12

Altars:
Ashenzari
Cheibriados
Dithmenos
Fedhas
Hepliaklqana
Kikubaaqudgha
Makhleb
Nemelex Xobeh
Uskayaw
Vehumet
Xom
Yredelemnul
The Shining One

Shops:
D:5 !*?%

Annotations:
D:10 HessuHobo's ghost, journeyman MiBe
Lair:4 1 exclusion, Asterion
Spider:1 Agnes


Innate Abilities, Weirdness & Mutations

You can spit globs of acid.
You are resistant to acid.
Your golden yellow scales are hard. (AC +8)
You cannot fit into any form of body armour.
You have acidic saliva.
You are cold-blooded and may be slowed by cold attacks.
You have a pair of small horns on your head.
You are weak. (Str -2)


Message History

* * * LOW HITPOINT WARNING * * *
You feel very sick.
You block the wolf spider's attack. x2; Asterion pulls away from the web.
The jumping spider leaps!
The tarantella closely misses you. The redback bites you!
* * * LOW HITPOINT WARNING * * *
The redback barely misses you. Asterion blocks your attack.
You headbutt Asterion, but do no damage.
You tail-slap Asterion! You bite Asterion, but do no damage.
Asterion is almost dead.
* * * LOW HITPOINT WARNING * * *
You feel very sick. The wolf spider hits you!
* * * LOW HITPOINT WARNING * * *
You block the wolf spider's attack. Asterion barely misses you.
You riposte.
You slash Asterion! Asterion blocks your attack.
Asterion is almost dead.
Asterion gores you.
You die...

.......#................#
....P.##...........P..###
.......P.....##.§......#
....#.......#^##s......#
....#......##.^.^....^.##
P.###......#.^..........#
.......#...#^^...##^....#
...##.#.###....sHs##....#
<#.###### #...#s@s.###..#########
##### ##..#^^^§^^###.........P
##..######..##^^...###..........#
......P##...##^........#.........
......+.....#..........P.........
......#.###.....................#
........P.#..............†.......
......#...........'.#.##....>...#
........#.#.......##.##.........#


You could see Asterion, a wolf spider, a jumping spider, a tarantella and 2
redbacks.

Vanquished Creatures
  Nessos (Lair:5)
  Snorg (Lair:5)
  A fire dragon (Lair:6)
  6 hydras
  A catoblepas (Lair:6)
  2 two-headed ogres (D:8)
  A death yak (Lair:6)
  A swamp dragon (Lair:3)
  3 lindwurms (Lair:6)
  A manticore (Lair:6)
  10 elephants (Lair:6)
  4 black mambas
  5 torpor snails (Lair:6)
  14 spiny frogs
  2 rime drakes (Lair:6)
  7 komodo dragons
  7 hornets (Lair:6)
  3 tyrant leeches (Lair:6)
  16 dream sheep
  13 blink frogs
  Sigmund (D:2)
  6 hippogriffs
  4 wyverns (Lair:4)
  3 redbacks (Lair:4)
  32 yaks
  4 vampire mosquitoes (D:8)
  2 basilisks
  A hungry ghost (D:7)
  A steam dragon (Lair:3)
  15 water moccasins
  9 porcupines
  4 ice beasts
  A sky beast (D:8)
  3 orc warriors
  2 black bears
  A necrophage (D:7)
  3 phantoms (D:8)
  3 ogres
  A centaur (D:8)
  20 crocodiles
  17 wolves
  A big kobold (D:9)
  13 bullfrogs
  2 scorpions
  A water moccasin skeleton (D:9)
  10 wights
  3 howler monkeys (D:9)
  3 electric eels
  6 crimson imps
  4 orc priests
  2 hounds
  2 centaur skeletons
  4 jellies
  3 bullfrog skeletons
  Ijyb (D:3)
  Jessica (D:2)
  2 iguanas
  3 worker ants
  2 orc wizards
  2 hound skeletons
  8 gnolls
  9 adders
  4 river rats
  2 oozes
  2 adder zombies
  2 worms
  A dart slug (D:2)
  5 leopard geckos
  19 orcs
  6 giant cockroaches
  11 goblins
  3 hobgoblins (D:1)
  14 jackals
  2 quokkas
  10 ball pythons
  9 bats
  8 frilled lizards
  A giant cockroach zombie (D:5)
  12 kobolds
  A quokka skeleton (D:7)
  A quokka zombie (D:5)
  8 rats
435 creatures vanquished.

Vanquished Creatures (collateral kills)
  A dire elephant (Lair:6)
  2 death yaks (Lair:6)
  A manticore (Lair:6)
  A torpor snail (Lair:6)
  2 rime drakes (Lair:6)
  3 blink frogs (Lair:2)
  2 hippogriffs (D:9)
  3 yaks (D:9)
  A wolf (Lair:6)
  A jelly (D:10)
  2 hounds
  An orc wizard (D:9)
  3 orcs (D:9)
23 creatures vanquished.

Vanquished Creatures (others)
  A blink frog (Lair:3)
  An iguana (Lair:3)
  14 fungi
  22 plants
38 creatures vanquished.

Grand Total: 496 creatures vanquished

Notes
Turn   | Place    | Note
-------+----------+-------------------------------------------
     0 | D:1      | HessuHobo the Draconian Berserker began the quest for the Orb.
     0 | D:1      | Reached XP level 1. HP: 19/19 MP: 1/1
    55 | D:1      | You fall through a shaft!
   205 | D:2      | Noticed Jessica
   208 | D:2      | Reached XP level 2. HP: 26/26 MP: 2/2
   209 | D:2      | Found a shadowy altar of Dithmenos.
   222 | D:2      | Killed Jessica
   222 | D:2      | Reached XP level 3. HP: 14/31 MP: 3/3
   574 | D:2      | Noticed Sigmund
   592 | D:2      | Killed Sigmund
   592 | D:2      | Reached XP level 4. HP: 41/41 MP: 4/4
   592 | D:2      | Reached XP level 5. HP: 47/47 MP: 5/5
   616 | D:2      | Reached ** piety under Trog
  1542 | D:3      | Found a basalt altar of Yredelemnul.
  1588 | D:3      | Found an ancient bone altar of Kikubaaqudgha.
  1596 | D:3      | Noticed Ijyb
  1613 | D:3      | Killed Ijyb
  1613 | D:3      | Reached XP level 6. HP: 50/53 MP: 6/6
  1659 | D:3      | Reached skill level 5 in Long Blades
  1911 | D:4      | Reached *** piety under Trog
  2418 | D:4      | Found a glowing golden altar of the Shining One.
  2524 | D:4      | Found a sparkling altar of Nemelex Xobeh.
  2821 | D:4      | Found a blossoming altar of Fedhas.
  2866 | D:5      | Entered Level 5 of the Dungeon
  2873 | D:5      | Reached skill level 5 in Dodging
  2909 | D:5      | Your scales start taking on a golden yellow colour.
  2909 | D:5      | Reached XP level 7. HP: 56/60 MP: 7/7
  2916 | D:5      | Found Gutiri's Magic Scroll Shop.
  2922 | D:5      | Found Oliyrch's Food Boutique.
  2924 | D:5      | Bought a scroll of identify for 22 gold pieces
  2924 | D:5      | Bought a scroll of enchant weapon for 82 gold pieces
  2924 | D:5      | Bought a scroll of identify for 22 gold pieces
  2924 | D:5      | Bought a scroll of identify for 22 gold pieces
  2924 | D:5      | Bought a scroll of teleportation for 33 gold pieces
  3088 | D:5      | Found a snail-covered altar of Cheibriados.
  3395 | D:5      | Found a shimmering altar of Xom.
  3396 | D:5      | Found a hazy altar of Hepliaklqana.
  3396 | D:5      | Noticed a wyvern
  3397 | D:5      | Noticed a spectral ugly thing
  3397 | D:5      | Noticed a wyvern
  3423 | D:5      | Found Zybraga's Assorted Antiques.
  3451 | D:5      | Reached skill level 5 in Fighting
  3763 | D:5      | Found Utaxt's Distillery.
  3957 | D:5      | Found a glowing golden altar of the Shining One.
  4477 | D:6      | Found a staircase to the Ecumenical Temple.
  4529 | D:6      | Found a glowing drain.
  4540 | Sewer    | Entered a sewer
  4547 | Sewer    | Reached **** piety under Trog
  5082 | D:6      | Reached XP level 8. HP: 43/69 MP: 8/8
  5991 | D:7      | Noticed a hippogriff
  6004 | D:7      | Killed a hippogriff
  6288 | D:7      | Reached XP level 9. HP: 71/75 MP: 9/9
  6431 | D:7      | Gained mutation: You are weak. (Str -2) [potion of mutation]
  6431 | D:7      | Gained mutation: You have a pair of small horns on your head. [potion of mutation]
  6571 | D:7      | Found a hide-covered altar of Uskayaw.
  6739 | D:7      | Found a radiant altar of Vehumet.
  7324 | D:8      | Noticed a two-headed ogre
  7339 | D:8      | Killed a two-headed ogre
  7339 | D:8      | Reached skill level 10 in Long Blades
  7339 | D:8      | Reached XP level 10. HP: 40/86 MP: 10/10
  7604 | D:8      | Noticed a two-headed ogre
  7610 | D:8      | Killed a two-headed ogre
  8055 | D:8      | Found a burning altar of Makhleb.
  8056 | D:8      | Reached skill level 10 in Dodging
  8056 | D:8      | Reached XP level 11. HP: 97/97 MP: 11/11
  8909 | D:9      | Found a shattered altar of Ashenzari.
  8922 | D:9      | Reached ***** piety under Trog
  9146 | D:9      | Found a staircase to the Lair.
  9423 | D:10     | Entered Level 10 of the Dungeon
  9591 | D:10     | Noticed HessuHobo's ghost (journeyman MiBe)
  9638 | D:10     | HP: 1/97 [HessuHobo's ghost (13)]
  9812 | Lair:1   | Entered Level 1 of the Lair of Beasts
 10119 | Lair:1   | Noticed a seven-headed hydra
 10128 | Lair:1   | Killed an 11-headed hydra
 10602 | Lair:1   | Reached skill level 10 in Fighting
 10811 | Lair:2   | Reached XP level 12. HP: 56/106 MP: 12/12
 10829 | Lair:2   | HP: 2/106 [blink frog (13)]
 11970 | Lair:3   | Found a staircase to the Swamp.
 12612 | Lair:3   | Reached skill level 1 in Shields
 12945 | Lair:3   | Noticed a seven-headed hydra
 12954 | Lair:3   | Killed an 11-headed hydra
 13358 | Lair:4   | Found a hole to the Spider Nest.
 13598 | Lair:4   | Reached XP level 13. HP: 79/116 MP: 13/13
 14577 | Lair:4   | Received a gift from Trog
 15128 | Lair:5   | Noticed Nessos
 15142 | Lair:5   | Killed Nessos
 15376 | Lair:5   | Reached skill level 5 in Shields
 15683 | Lair:5   | Noticed Snorg
 15701 | Lair:5   | Killed Snorg
 16077 | Lair:5   | Found a staircase to the Slime Pits.
 16200 | Lair:6   | Entered Level 6 of the Lair of Beasts
 17101 | Lair:6   | Paralysed by a hornet for 1 turns
 17106 | Lair:6   | Paralysed by a hornet for 2 turns
 17380 | Lair:6   | Gained mutation: You have acidic saliva. [Yellow Draconian growth]
 17380 | Lair:6   | Reached XP level 14. HP: 126/126 MP: 14/14
 18121 | Lair:6   | Found a runed door.
 18126 | Lair:6   | Identified a scroll of acquirement
 18772 | Spider:1 | Entered Level 1 of the Spider Nest
 18772 | Spider:1 | Noticed Asterion
 18774 | Spider:1 | Noticed Agnes
 18788 | Lair:4   | HP: 2/190 [wolf spider (14)]
 18788 | Lair:4   | Slain by Asterion

Skill      XL: |  1  2  3  4  5  6  7  8  9 10 11 12 13 14 |
---------------+-------------------------------------------+-----
Dodging        | 3 4 5 6 7 8 10 11 12 13 14 | 14.1
Fighting       | 4 5 6 7 9 10 11 12 | 12.4
Long Blades    | 4 5 6 8 10 11 12 14 | 14.5
Shields        | 2 7 9 |  9.2

Action                   |  1- 3 |  4- 6 |  7- 9 | 10-12 | 13-15 || total
-------------------------+-------+-------+-------+-------+-------++-------
Melee: Falchion          |    51 |   162 |   219 |       |       ||   432
       Tailslap          |     8 |    28 |    57 |   106 |   177 ||   376
       Long sword        |       |       |   111 |   681 |   757 ||  1549
       Headbutt          |       |       |    15 |   173 |   240 ||   428
       Bite              |       |       |       |       |    58 ||    58
Invok: Berserk           |     2 |     1 |     8 |    11 |    17 ||    39
       Burn Spellbooks   |       |       |     2 |     3 |       ||     5
       Trog's Hand       |       |       |     2 |     9 |    11 ||    22
       Brothers in Arms  |       |       |       |     3 |     5 ||     8
 Abil: Breathe Acid      |       |       |     1 |     3 |     1 ||     5
  Use: Potion            |     1 |     1 |     8 |     7 |     6 ||    23
       Scroll            |       |       |    12 |    11 |     7 ||    30
 Stab: Sleeping          |       |     1 |       |    16 |     6 ||    23
       Distracted        |       |       |       |       |     2 ||     2
  Eat: Chunk             |       |     4 |     5 |     6 |     5 ||    20
       Bread ration      |       |     1 |     5 |     1 |     2 ||     9
       Meat ration       |       |       |       |     6 |     5 ||    11
       Royal jelly       |       |       |       |     1 |       ||     1
Armor: Skin              |    12 |    43 |    76 |    90 |    91 ||   312
Dodge: Dodged            |    46 |   129 |   296 |   521 |   476 ||  1468
Block: Shield            |       |       |       |    67 |   429 ||   496
       Rpst.: Falchion   |    16 |    38 |    66 |       |       ||   120
       Long sword        |       |       |    32 |   148 |   126 ||   306
